 Dungeon Crawl Stone Soup version 0.31.0-12-g77e489cdc1 (webtiles) character file.

Game seed: 7339961879512158676

198 spaghetti the Shooter (level 5, 0/38 HPs)
             Began as a Demonspawn Hunter on Mar 8, 2024.
             Was a Follower of Lugonu.
             Succumbed to a water moccasin's poison
             ... on level 4 of the Dungeon.
             The game lasted 00:03:01 (2417 turns).

spaghetti the Shooter (Demonspawn Hunter)           Turns: 2417, Time: 00:03:02

Health: 0/38       AC:  7    Str: 12    XL:     5   Next: 47%
Magic:  5/5        EV: 12    Int:  9    God:    Lugonu [*.....]
Gold:   134        SH:  0    Dex: 18    Spells: 4/4 levels left

rFire   + . .        a - +0 shortbow
rCold   + . .        (shield currently unavailable)
rNeg    . . .        c - +0 leather armour
rPois   +            (no helmet)
rElec   +            (no cloak)
rCorr   +            (no gloves)
SInv    .            i - +0 pair of boots
Will    .....        (no amulet)
Stlth   ++           (no ring)
HPRegen 0.26/turn    (no ring)
MPRegen 0.09/turn

%: random rage (3%)
@: brilliant, lethally poisoned (0 -> -2), resistant
A: thin metallic scales 1, demonic touch 1, berserk 1, shaggy fur 1, wild magic
1, inability to read after injury 1
a: Renounce Religion, Depart the Abyss


You were on level 4 of the Dungeon.
You worshipped Lugonu.
Lugonu was aware of your devotion.
You visited 1 branch of the dungeon, and saw 4 of its levels.

You collected 134 gold pieces.

Inventory:

Hand Weapons
 a - a +0 shortbow (weapon)
Armour
 c - a +0 leather armour (worn)
 i - a +0 pair of boots (worn)
Jewellery
 m - an amulet of regeneration
Scrolls
 b - a scroll of butterflies
 e - a scroll of enchant armour {unknown}
 j - a scroll of enchant weapon {unknown}
 k - a scroll of blinking {unknown}
 l - a scroll of teleportation {unknown}
 n - a scroll of fear {unknown}


   Skills:
 - Level 2.0 Fighting
 + Level 6.2 Ranged Weapons
 - Level 1.7 Dodging
 - Level 0.8 Stealth


You had 4 spell levels left.
You didn't know any spells.
Your spell library was empty.

Dungeon Overview and Level Annotations

Branches:
Dungeon (4/15)
 Temple: D:4-7

Altars:
Cheibriados
Wu Jian
Lugonu


Innate Abilities, Weirdness & Mutations

You are partially covered in thin metallic scales. (AC +2)
Your touch may inflict minor irresistible damage on your foes.
You sometimes lose your temper in combat.
You are covered in fur. (AC +1)
Your spells are a little harder to cast, but a little more powerful.
You occasionally lose the ability to read scrolls when taking damage.


Message History

Fire: a) +0 shortbow
Press: ? - help, Q - select action, (/) - cycle Shift-Dir - straight line, p - hobgoblin You shoot an arrow.
The arrow completely misses the water moccasin.
The arrow hits the hobgoblin.
You kill the hobgoblin!
Lugonu accepts your kill.
You feel very sick.
The water moccasin bites you but does no damage.
Fire: a) +0 shortbow
Press: ? - help, Q - select action, (/) - cycle Shift-Dir - straight line You shoot an arrow.
The arrow hits the water moccasin.
The water moccasin is severely wounded.
You feel sick. The water moccasin barely misses you.
The water moccasin bites you but does no damage.
Fire: a) +0 shortbow
Press: ? - help, Q - select action, (/) - cycle Shift-Dir - straight line You shoot an arrow.
The arrow closely misses the water moccasin.
You feel sick.
The water moccasin bites you but does no damage.
Fire: a) +0 shortbow
Press: ? - help, Q - select action, (/) - cycle Shift-Dir - straight line You shoot an arrow.
The arrow hits the water moccasin!
The water moccasin is almost dead.
You feel sick. The water moccasin bites you.
* * * LOW HITPOINT WARNING * * *
The water moccasin bites you.
* * * LOW HITPOINT WARNING * * *
Unknown command.
As you read the scroll of butterflies, it crumbles to dust.
You hear the flapping of tiny wings.
The water moccasin is knocked back by the sudden gust.
* * * LOW HITPOINT WARNING * * *
You feel sick.
Unknown command.
Unknown command.
Unknown command.
You swap places.
You die...

#........#...
#........#...
####........#...
####.........###...
##).b.###~###.#
###. ###.bb..#
#≈#.#... #.
#b..#.###.#≈#.# #.
#.
###bbbbb.b..#≈#...
..
..'..bb@###.#≈#.###
.. ###b..bbbb# ≈#.#


#bbbbb#b# ≈### #...#+#bbb #b.b bbb.. #..b bbbS[# #### .....# ....... .#..... You
could see a water moccasin (ally target).

Vanquished Creatures
  A scorpion (D:4)
  An iguana (D:4)
  3 gnolls
  3 adders
  2 ribbon worms (D:3)
  2 orcs
  6 ball pythons
  6 bats
  4 endoplasms
  2 giant cockroaches (D:2)
  7 hobgoblins
  3 frilled lizards
  5 goblins
  7 kobolds
  3 rats
55 creatures vanquished.

Notes
Turn   | Place    | Note
-------+----------+-------------------------------------------
     0 | D:1      | spaghetti the Demonspawn Hunter began the quest for the
                  | Orb.
     0 | D:1      | Reached XP level 1. HP: 16/16 MP: 1/1
    94 | D:1      | Reached skill level 4 in Ranged Weapons
   105 | D:1      | Gained mutation: You are partially covered in thin metallic
                  | scales. (AC +2) [demonic ancestry]
   105 | D:1      | Reached XP level 2. HP: 22/22 MP: 2/2
   435 | D:1      | Reached XP level 3. HP: 23/27 MP: 3/3
  1053 | D:2      | Reached skill level 5 in Ranged Weapons
  1369 | D:2      | Found a faded altar of an unknown god.
  1376 | D:2      | Reached XP level 4. HP: 33/33 MP: 4/4
  1403 | D:2      | Prayed at the altar of an unknown god.
  1403 | D:2      | Became a worshipper of Lugonu the Unformed
  1403 | D:2      | Reached * piety under Lugonu
  1674 | D:3      | Found a snail-covered altar of Cheibriados.
  1817 | D:3      | Found an ornate altar of the Wu Jian Council.
  2233 | D:4      | Noticed a scorpion
  2243 | D:4      | Killed a scorpion
  2244 | D:4      | Gained mutation: Your touch may inflict minor irresistible
                  | damage on your foes. [demonic ancestry]
  2244 | D:4      | Reached XP level 5. HP: 32/38 MP: 5/5
  2308 | D:4      | Reached skill level 6 in Ranged Weapons
  2386 | D:4      | Noticed a water moccasin
  2402 | D:4      | Gained mutation: You occasionally lose the ability to read
                  | scrolls when taking damage. [potion of mutation]
  2402 | D:4      | Gained mutation: You sometimes lose your temper in combat.
                  | [potion of mutation]
  2402 | D:4      | Gained mutation: Your spells are a little harder to cast,
                  | but a little more powerful. [potion of mutation]
  2402 | D:4      | Gained mutation: You are covered in fur. (AC +1) [potion of
                  | mutation]
  2416 | D:4      | HP: 1/38 [poisoned by a water moccasin]
  2417 | D:4      | Succumbed to a water moccasin's poison

Illustrated notes

Levels and vault maps discovered:
D:1:      mrwooster_arrival_statue_3, layout_rooms
D:2:      layout_basic, nicolae_ecumenical_snake_handling, minmay_pentomino_pile
D:3:      layout_loops_ring, mainiacjoe_overflow_alcove_4,
          mainiacjoe_overflow_tiny_flanked, tso_altar,
          mainiacjoe_overflow_divided_tiny, serial_bayou_lagoon_a
D:4:      layout_basic, minmay_strange_pillars, grunt_decor_cap

Skill      XL: |  1  2  3  4  5 |
---------------+----------------+-----
Ranged Weapons | 4 5 6 |  6.2
Fighting       | |  2.0
Dodging        | |  1.7
Stealth        | |  0.8

Action                     |  1- 3 |  4- 6 || total
---------------------------+-------+-------++-------
   Fire: Shortbow          |    95 |   107 ||   202
    Use: Potion            |       |     6 ||     6
         Scroll            |       |     1 ||     1
 Armour: Leather armour    |    16 |    52 ||    68
  Dodge: Dodged            |    35 |    48 ||    83
